 Dungeon Crawl Stone Soup version 0.31-a0-1589-g8f5e8aebd6 (webtiles) character file.

Game seed: 17626881229694759748

1762963 grandjackal the End of an Era (level 27, 249/249 HPs)
             Began as a Demonspawn Gladiator on Jan 6, 2024.
             Was the Champion of Qazlal.
             Escaped with the Orb
             ... and 3 runes!
             The game lasted 01:38:43 (66513 turns).

grandjackal the End of an Era (DsGl)               Turns: 66513, Time: 01:38:44

Health: 249/249    AC: 31    Str: 29    XL:     27
Magic:  40/40      EV: 15    Int: 18    God:    Qazlal [******]
Gold:   3085       SH: 21    Dex: 19    Spells: 26/26 levels left

rFire   + .          .
                       - Unarmed
rCold   + . .        (no shield)
rNeg    + . .        H - +5 gold dragon scales
rPois   +            M - +0 helmet {SInv}
rElec   +            e - +4 dragonskin cloak
rCorr   +            (gloves unavailable)
SInv    +            h - +3 pair of seven-league boots {Rampage+∞}
Will    ++...        y - amulet "Latoener" {Reflect rPois Regen+ SH+5 SInv} Stlth
                     T - ring "Neolatas" {rElec rCorr Int+6 SInv Stlth-}
HPRegen 1.41/turn    c - ring "Wuhaq" {rN+ Dex+4}
MPRegen 0.54/turn

%: repel missiles, reflection, guardian spirit, rampage+∞
@: studying 3 skills
A: large bone plates 3, spiny 3, magic shield, magic regeneration, magic link,
black mark, bedeviling, aura of silence, demonic touch 3, clever 1, deformed
body, passive freeze, poison resistance, strong 1, wild magic 1
0: Orb of Zot
}: 3/15 runes: serpentine, barnacled, slimy
a: Renounce Religion, Upheaval, Elemental Force, Disaster Area


You escaped.
You worshipped Qazlal.
Qazlal was exalted by your worship.
You visited 12 branches of the dungeon, and saw 55 of its levels.
You visited 3 bazaars.
You also visited: Gauntlet and Wizlab.

You collected 7705 gold pieces.
You spent 4620 gold pieces at shops.

Inventory:

Missiles
 d - 4 throwing nets (quivered)
Armour
 e - the +4 dragonskin cloak (worn)
   (You took it off Tiamat on level 4 of the Depths)

   Avatar's Aegis: It grants the wearer a chance to resist fire, cold, poison,
   electricity, acid, and negative energy.
 h - the +3 pair of seven-league boots (worn) {Rampage+∞}
   (You found it on level 3 of the Crypt)

   Rampage+∞: When moving toward enemies, its wearer moves as far as possible,
   alerting their target en route.
 x - the +1 cloak of Starlight {*Dazzle EV+4 Stlth--}
   (You found it in a Gauntlet)

   *Dazzle:   It may blind those who miss an attack against the wearer in melee
   combat.
   EV+4:      It affects your evasion (+4).
   Stlth--:   It makes you much less stealthy.
 D - quicksilver dragon scales
 H - +5 gold dragon scales (worn)
 K - the +6 ring mail of Inference {rN+ Int+4}
   (You found it on level 8 of the Dungeon)

   Int+4:     It affects your intelligence (+4).
   rN+:       It protects you from negative energy.
 M - a +0 helmet of see invisible (worn)
 W - the +2 hat of the Bear Spirit {Spirit, Bear, *Rage Will++}
   (You found it on level 3 of the Realm of Zot)

   Bear:      Going berserk makes the wearer exceptionally tough, and they are
   slowed for a shorter time afterward.
   Will++:    It greatly increases your willpower.
   *Rage:     It berserks you when you make melee attacks (+20% chance).
Jewellery
 c - the ring "Wuhaq" (right hand) {rN+ Dex+4}
   (You found it on level 4 of the Realm of Zot)

   [ring of positive energy]

   Dex+4:     It affects your dexterity (+4).
   rN+:       It protects you from negative energy.
 o - the ring "Izoin" {Fly AC+4}
   (You found it in a Gauntlet)

   [ring of protection]

   AC+4:      It affects your AC (+4).
   Fly:       It grants you flight.
 r - a ring of protection from cold
 y - the amulet "Latoener" (around neck) {Reflect rPois Regen+ SH+5 SInv}
   (You bought it in a shop in a bazaar)

   [amulet of reflection]

   Reflect:   It reflects blocked missile attacks.
   rPois:     It protects you from poison SInv: It lets you see invisible.
   Regen+:    It increases your rate of health regeneration.
   SH+5:      It affects your SH (+5).
 P - a ring of protection from fire
 R - the ring of the Middle {rPois Int+6 Dex+3}
   (You found it on level 12 of the Dungeon)

   [ring of intelligence]

   Int+6:     It affects your intelligence (+6).
   Dex+3:     It affects your dexterity (+3).
   rPois:     It protects you from poison
 T - the ring "Neolatas" (left hand) {rElec rCorr Int+6 SInv Stlth-}
   (You bought it in a shop on level 4 of the Snake Pit)

   [ring of intelligence]

   Int+6:     It affects your intelligence (+6).
   rElec:     It insulates you from electricity.
   SInv:      It lets you see invisible.
   rCorr:     It protects you from acid and corrosion.
   Stlth-:    It makes you less stealthy.
 V - the ring of Agapuuta {Wiz +Blink rF- rCorr Dex-5}
   (You found it on level 3 of the Elven Halls)

   [ring of wizardry]

   Wiz:       It improves your spell success rate.
   Dex-5:     It affects your dexterity (-5).
   rF-:       It makes you vulnerable to fire.
   +Blink:    It lets you blink.
   rCorr:     It protects you from acid and corrosion.
Wands
 i - a wand of mindburst (9)
 l - a wand of flame (155)
 n - a wand of roots (8)
 v - a wand of digging (20)
 G - a wand of acid (31)
Scrolls
 a - 7 scrolls of fear
 f - 6 scrolls of immolation
 p - 9 scrolls of blinking
 q - 22 scrolls of teleportation
 s - 8 scrolls of poison
 w - 3 scrolls of torment
 z - 9 scrolls of vulnerability
 A - 3 scrolls of silence
 E - 12 scrolls of fog
 L - 3 scrolls of summoning
 U - a scroll of revelation
Potions
 b - 6 potions of cancellation
 g - 2 potions of berserk rage
 j - 6 potions of ambrosia
 m - 18 potions of heal wounds
 t - 12 potions of haste
 u - 2 potions of might
 B - 11 potions of lignification
 C - 7 potions of invisibility
 F - 5 potions of resistance
 I - 9 potions of enlightenment
 J - 5 potions of magic
 N - a potion of attraction
 O - 10 potions of mutation
 S - 21 potions of curing
Miscellaneous
 Q - a phantom mirror


   Skills:
 O Level 27 Fighting
 - Level 2.8 Axes
 - Level 2.0 Throwing
 - Level 15.7 Armour
 - Level 16.2 Dodging
 + Level 26.5 Unarmed Combat
 O Level 27 Invocations


You had 26 spell levels left.
You didn't know any spells.
Your spell library contained the following spells:

 Spells                   Type           Power      Damage    Failure   Level
 Apportation              Tloc           0%         N/A       99%         1
 Foxfire                  Conj/Fire      0%         2x1d4     99%         1
 Freeze                   Ice            0%         1d3       99%         1
 Magic Dart               Conj           0%         1d3       99%         1
 Necrotise                Necr           0%         1d4       99%         1
 Sting                    Conj/Alch      0%         1d3       99%         1
 Summon Small Mammal      Summ           0%         N/A       99%         1
 Blink                    Tloc           0%         N/A       99%         2
 Call Imp                 Summ           0%         N/A       99%         2
 Cigotuvi's Dreadful Rot  Necr/Alch/Air  0%         N/A       99%         2
 Ensorcelled Hibernation  Hex/Ice        0%         N/A       99%         2
 Jinxbite                 Hex            0%         N/A       99%         2
 Lesser Beckoning         Tloc           0%         N/A       99%         2
 Mercury Vapours          Alch/Air       0%         N/A       99%         2
 Momentum Strike          Conj/Tloc      0%         3d8       99%         2
 Sublimation of Blood     Necr           0%         N/A       99%         2
 Call Canine Familiar     Summ           0%         N/A       100%        3
 Dazzling Flash           Conj/Hex       0%         N/A       100%        3
 Frozen Ramparts          Ice            0%         1d1       100%        3
 Fugue of the Fallen      Necr           0%         N/A       100%        3
 Gell's Gravitas          Tloc           0%         N/A       100%        3
 Hailstorm                Conj/Ice       0%         3d5       100%        3
 Inner Flame              Hex/Fire       0%         N/A       100%        3
 Ozocubu's Armour         Ice            0%         N/A       100%        3
 Sigil of Binding         Hex            0%         N/A       100%        3
 Summon Ice Beast         Ice/Summ       0%         N/A       100%        3
 Teleport Other           Tloc           0%         N/A       100%        3
 Tukima's Dance           Hex            0%         N/A       100%        3
 Volatile Blastmotes      Fire/Tloc      0%         2d10      100%        3
 Anguish                  Hex/Necr       0%         N/A       100%        4
 Animate Armour           Summ/Erth      0%         N/A       100%        4
 Animate Dead             Necr           0%         N/A       100%        4
 Brom's Barrelling Bould  Conj/Erth      0%         2d3       100%        4
 Cause Fear               Hex            0%         N/A       100%        4
 Dimensional Bullseye     Hex/Tloc       0%         N/A       100%        4
 Dispel Undead            Necr           0%         3d6       100%        4
 Leda's Liquefaction      Alch/Erth      0%         N/A       100%        4
 Manifold Assault         Tloc           0%         N/A       100%        4
 Martyr's Knell           Necr/Summ      0%         N/A       100%        4
 Olgreb's Toxic Radiance  Alch           0%         N/A       100%        4
 Passage of Golubria      Tloc           0%         N/A       100%        4
 Summon Lightning Spire   Summ/Air       0%         N/A       100%        4
 Vhi's Electric Charge    Tloc/Air       0%         N/A       100%        4
 Alistair's Intoxication  Alch           0%         N/A       100%        5
 Arcjolt                  Conj/Air       0%         1d10      100%        5
 Borgnjor's Vile Clutch   Necr/Erth      0%         N/A       100%        5
 Fireball                 Conj/Fire      0%         3d3       100%        5
 Irradiate                Conj/Alch      0%         3d11      100%        5
 Iskenderun's Battlesphe  Conj           0%         2d6       100%        5
 Lee's Rapid Deconstruct  Erth           0%         3d4*      100%        5
 Metabolic Englaciation   Hex/Ice        0%         N/A       100%        5
 Summon Mana Viper        Hex/Summ       0%         N/A       100%        5
 Yara's Violent Unravell  Hex/Alch       0%         3d3       100%        5
 Bombard                  Conj/Erth      0%         9d1       100%        6
 Conjure Ball Lightning   Conj/Air       0%         3x3d6     100%        6
 Death Channel            Necr           0%         N/A       100%        6
 Dispersal                Tloc           0%         N/A       100%        6
 Eringya's Noxious Bog    Alch           0%         4d6       100%        6
 Plasma Beam              Fire/Air       0%         2x1d10    100%        6
 Sculpt Simulacrum        Ice/Alch       0%         N/A       100%        6
 Starburst                Conj/Fire      0%         6d3       100%        6
 Enfeeble                 Hex            0%         N/A       100%        7
 Haunt                    Necr/Summ      0%         N/A       100%        7
 Malign Gateway           Summ/Tloc      0%         N/A       100%        7
 Monstrous Menagerie      Summ           0%         N/A       100%        7
 Orb of Destruction       Conj           0%         9d5       100%        7
 Ozocubu's Refrigeration  Ice            0%         4d7       100%        7
 Spellforged Servitor     Conj/Summ      0%         N/A       100%        7
 Borgnjor's Revivificati  Necr           0%         N/A       100%        8
 Discord                  Hex            0%         N/A       100%        8
 Disjunction              Tloc           0%         N/A       100%        8
 Ignition                 Fire           0%         3d3       100%        8
 Infestation              Necr           0%         N/A       100%        8
 Maxwell's Capacitive Co  Air            0%         ∞         100%        8
 Summon Horrible Things   Summ           0%         N/A       100%        8
 Chain Lightning          Conj/Air       0%         N/A       100%        9
 Death's Door             Necr           0%         N/A       100%        9
 Dragon's Call            Summ           0%         N/A       100%        9
 Fire Storm               Conj/Fire      0%         5d1       100%        9
 Shatter                  Erth           0%         3d5*      100%        9


Dungeon Overview and Level Annotations

Branches:
Dungeon (15/15)            Temple (1/1) D:6            Lair (5/5) D:9
 Shoals (4/4) Lair:3        Snake (4/4) Lair:3        Slime (5/5) Lair:5
    Orc (2/2) D:10            Elf (3/3) Orc:2        Vaults (4/5) D:14
  Crypt (3/3) Vaults:2       Tomb (0/3) Crypt:3      Depths (4/4) D:15
    Zot (5/5) Depths:4     WizLab (visited)         Gauntlet (visited)

Altars:
Ashenzari
Cheibriados
Dithmenos
Fedhas
Gozag
Hepliaklqana
Kikubaaqudgha
Makhleb
Nemelex Xobeh
Okawaru
Qazlal
Ru
Sif Muna
Trog
Uskayaw
Vehumet
Wu Jian
Xom
Yredelemnul

Shops:
D:10 [   D:13 [   D:14 [   Orc:1 (   Orc:2 (=*[!   Elf:1 ?   Elf:3 =
Shoals:3 [   Snake:4 =(=   Depths:1 ==:

Portals:
Hell: Depths:1 Depths:2 Depths:3 Depths:4
Abyss: Depths:3
Pandemonium: Depths:2 Depths:3 Depths:4
Ziggurat: Depths:3
Trove: Elf:2 (lose all piety)

Annotations:
D:4 1 runed translucent door, Sundig's ghost, novice DsFi
D:6 2 runed translucent doors, zeez's ghost, novice TrCK
D:10 3 runed translucent doors, lucidstorm14's ghost, novice MiBe
D:14 3 runed translucent doors, Fenymij's ghost, adept KoBr
Shoals:4 6 transporters
Snake:3 Roxanne
Orc:1 3 runed translucent doors, experimilk's ghost, journeyman TrGl
Elf:2 5 runed translucent doors


Innate Abilities, Weirdness & Mutations

You are completely covered in large bone plates. (SH +8)
You are completely covered in sharp spines.
When hurt, damage is shared between your health and your magic reserves.
You regenerate magic rapidly.
When low on magic, you restore magic in place of health.
Your melee attacks may debilitate your foes.
Your hexes are more powerful.
You are surrounded by an aura of silence.
Your touch may irresistibly damage your foes and sap their willpower.
Your mind is acute. (Int +4, Str/Dex -1)
Armour fits poorly on your strangely shaped body.
A frigid envelope surrounds you and freezes all who hurt you.
Your system is resistant to poisons. (rPois)
Your muscles are strong. (Str +4, Int/Dex -1)
Your spells are a little harder to cast, but a little more powerful.


Message History

You hit the Hell Sentinel.
You punch the Hell Sentinel, but do no damage.
The Hell Sentinel is lightly wounded.
You hit the Hell Sentinel but do no damage.
The Hell Sentinel is lightly wounded.
The Hell Sentinel hits you but does no damage.
The Hell Sentinel completely resists.
The Hell Sentinel barely misses you.
Unknown command.
You squash the Hell Sentinel like an ant!!!
You touch the Hell Sentinel!
You punch the Hell Sentinel.
The Hell Sentinel is heavily wounded.
Unknown command.
You punch the Hell Sentinel!
The Hell Sentinel is heavily wounded.
The Hell Sentinel gestures at you.
The sphere of damnation explodes!
The damnation engulfs you!!
The damnation engulfs the Hell Sentinel.
The Hell Sentinel completely resists.
You completely miss the Hell Sentinel.
You touch the Hell Sentinel!
The Hell Sentinel is heavily wounded.
Unknown command.
Unknown command.
You hit the Hell Sentinel but do no damage.
You touch the Hell Sentinel!
The Hell Sentinel is severely wounded.
The Hell Sentinel hits you but does no damage.
The Hell Sentinel completely resists.
The Hell Sentinel misses you.
You pulverise the Hell Sentinel!!!
You kill the Hell Sentinel!
Qazlal accepts your kill.
No target in view!
You start resting.
Magic restored.
You enter the shallow water.
Moving in this stuff is going to be slow.
There is a staircase leading out of the dungeon here.
You start resting.
HP restored.
You can't go down here!
You have escaped!

##########################
##....##.......~≈≈≈≈≈≈≈≈≈#
....#......~~≈....~≈≈≈≈≈≈#
#...#....~~~≈~.~....≈≈≈~≈#
....##..~.~≈.~.≈~....~.~≈#
.......~.~..~≈≈.~~°.....~#
..........~~~≈○~○☼~~...~~#
...#.....≈..~≈§~@~~.....≈#
#..#.....~~..≈≈~~~...~~~≈#
...#..#...~≈≈~~§......~~≈#
##....##..~~~......~~~~≈≈#
.#.........^..#~.~~~≈≈≈≈≈#
.........#################
..............###
................#
..>...##......#.#


There were no monsters in sight!

Vanquished Creatures
  the Royal Jelly (Slime:5)
  2 dread liches (Zot:5)
  Khufu (Crypt:3)
  Tiamat (Depths:4)
  8 ancient liches
  3 orbs of fire (Zot:5)
  A juggernaut (Depths:4)
  Josephina (Crypt:1)
  Parghit (Zot:1)
  A royal mummy (Crypt:3)
  Bai Suzhen (Depths:1)
  Vashnia (Snake:4)
  4 Killer Klowns
  Margery (Crypt:1)
  Saint Roka (Snake:4)
  5 caustic shrikes
  5 curse toes
  Nikola (Snake:3)
  6 golden dragons
  A profane servitor (Zot:2)
  A Hellbinder (WizLab)
  3 doom hounds (Depths:3)
  3 hellephants
  19 tentacled monstrosities
  A Hell Sentinel (D:1)
  2 electric golems (Zot:5)
  A shard shrike skeleton (Crypt:3)
  Grunn (Depths:3)
  A walking crystal tome (Depths:3)
  Mlioglotl (Shoals:2)
  A walking earthen tome (Depths:3)
  An Ice Fiend (Depths:3)
  A titan (shapeshifter) (Zot:1)
  9 quicksilver dragons
  Asterion (Elf:1)
  8 liches
  28 acid blobs
  27 Orb Guardians
  A walking frostbound tome (Depths:2)
  A titan (Depths:3)
  5 sphinxes
  2 deep elf blademasters (Elf:3)
  2 deep elf master archers (Elf:3)
  3 krakens
  12 death cobs
  A sphinx (shapeshifter) (Zot:1)
  Polyphemus (Shoals:2)
  6 ancient champions
  Kirke (Lair:4)
  4 revenants (Crypt:3)
  4 tengu reavers
  16 storm dragons
  15 shadow dragons
  3 draconian knights
  3 protean progenitors (Zot:1)
  11 rockslimes
  Aizul (Snake:4)
  5 azure jellies
  A nargun (Depths:2)
  4 draconian monks
  7 nagarajas (Snake:4)
  Donald (Shoals:4)
  12 vault wardens
  A frost giant (shapeshifter) (Zot:1)
  8 deep elf sorcerers (Elf:3)
  13 fire giants
  9 draconian shifters
  5 frost giants
  11 deep elf elementalists
  7 draconian scorchers
  2 iron dragons
  A balrug (WizLab)
  8 ghost moths
  7 curse skulls
  3 draconian stormcallers
  5 orc warlords
  8 ironbound preservers
  3 cacodemons
  4 spriggan defenders
  3 reapers
  3 draconian annihilators
  7 ghouls
  11 quicksilver oozes
  10 formless jellyfish
  3 ironbound thunderhulks
  7 very ugly things
  11 stone giants
  14 vampire knights
  8 green draconians
  10 black draconians
  8 deep elf annihilators
  A war gargoyle (Vaults:2)
  10 deep elf death magi
  A wendigo (Depths:2)
  2 deep elf demonologists (Elf:3)
  11 purple draconians
  6 red draconians
  3 lorocyprocas (WizLab)
  9 yellow draconians
  11 white draconians
  5 dire elephants
  9 spark wasps
  A minotaur (Gauntlet)
  An acid blob zombie (Crypt:2)
  Azrael (Elf:1)
  8 eidola
  11 merfolk impalers
  3 green deaths
  A quicksilver dragon zombie (Crypt:3)
  A crystal guardian (Vaults:4)
  7 merfolk javelineers
  2 deep elf high priests
  5 fire dragons
  11 jiangshi
  7 yaktaur captains
  4 ettins
  An entropy weaver (shapeshifter) (Elf:2)
  2 rakshasas
  2 entropy weavers
  11 great orbs of eyes
  3 hydras
  12 ice dragons
  A peacekeeper (Vaults:4)
  A salamander tyrant (Snake:4)
  6 vault guards
  2 spriggan air magi
  3 hell beasts
  2 ironbound frosthearts
  4 merfolk aquamancers (Shoals:1)
  4 boulder beetles
  2 ogre magi
  2 satyrs (Zot:1)
  5 anacondas
  A fenstrider witch skeleton (Crypt:2)
  4 centaur warriors
  13 naga warriors
  4 alligator snapping turtles
  13 tengu warriors
  Erica (Lair:2)
  8 two-headed ogres
  2 catoblepae
  4 hell hogs (Depths:1)
  7 dancing weapons
  10 deep troll earth magi
  5 deep troll shamans
  A death knight (Crypt:2)
  9 vampire magi
  2 death yaks (Shoals:2)
  13 shock serpents
  9 orc high priests
  22 naga sharpshooters
  A titan zombie (Crypt:3)
  An occultist (Depths:1)
  3 hell knights
  A spectral dire elephant (Crypt:3)
  5 spriggan berserkers
  4 sun demons
  12 deep elf knights
  6 soul eaters
  9 iron trolls
  5 skysharks
  14 shadow wraiths
  3 sixfirhies
  48 deep trolls
  7 salamander mystics
  Lodul (D:10)
  11 sea snakes
  37 skeletal warriors
  A death drake (shapeshifter) (Depths:2)
  10 flayed ghosts
  A bog body (Crypt:3)
  5 glowing orange brains
  2 spriggan simulacra
  2 orange crystal statues (Depths:2)
  11 arcanists
  26 phantasmal warriors
  9 mana vipers
  2 shadow demons
  9 naga ritualists
  An anaconda skeleton (Crypt:1)
  2 deep elf archers
  20 ironbound convokers
  11 lindwurms
  13 harpies
  6 necromancers
  A spectral ettin (Crypt:3)
  18 deep elf zephyrmancers
  17 orc knights
  A shadow dragon skeleton (Crypt:3)
  27 deep elf pyromancers
  4 spectral ice dragons (Crypt:3)
  A sphinx simulacrum (Depths:2)
  3 orc sorcerers (Orc:2)
  A frost giant zombie (Vaults:4)
  3 fauns (Shoals:3)
  42 ugly things
  22 manticores
  9 shining eyes
  2 spectral fire dragons (Crypt:3)
  A wolf spider (Zot:1)
  6 cyclopes
  A moth of wrath (shapeshifter) (Elf:1)
  13 salamanders
  5 elephants
  3 rust devils
  A faun (shapeshifter) (Elf:1)
  24 moths of wrath
  13 meliai
  2 kobold blastminers (Orc:1)
  3 water nymphs
  6 merfolk sirens
  5 guardian serpents
  11 vault sentinels
  31 black mambas
  Joseph (D:8)
  5 eyes of devastation
  A smoke demon (WizLab)
  15 naga magi
  An alligator snapping turtle zombie (Crypt:3)
  A titan simulacrum (Crypt:1)
  4 gargoyles
  5 cane toads
  6 orange demons
  A kobold demonologist (D:9)
  An unseen horror (D:12)
  A minotaur zombie (Crypt:3)
  A mana viper skeleton (Crypt:3)
  A centaur skeleton (Crypt:3)
  9 rime drakes
  43 yaktaurs
  A golden dragon simulacrum (Depths:2)
  A grey draconian zombie (Crypt:2)
  3 hellions
  A guardian mummy (Crypt:3)
  12 freezing wraiths
  10 komodo dragons
  A tormentor (WizLab)
  4 tengu conjurers
  A spectral harpy (Crypt:3)
  A green draconian skeleton (Crypt:1)
  An ice devil (D:12)
  4 red devils (WizLab)
  A yellow draconian skeleton (Crypt:2)
  Psyche (D:11)
  A queen bee (shapeshifter) (Depths:3)
  4 trolls
  A harpy zombie (Crypt:3)
  20 merfolk
  A grey draconian skeleton (Crypt:1)
  A purple draconian skeleton (Crypt:3)
  5 polar bears
  10 hornets
  2 hellwings (WizLab)
  7 wind drakes
  A radroach zombie (Crypt:2)
  A tarantella (Vaults:4)
  A raiju (Gauntlet)
  28 blink frogs
  4 glass eyes
  5 snapping turtles
  An ice dragon zombie (Crypt:2)
  61 slime creatures
  A tarantella zombie (Crypt:1)
  A frost giant simulacrum (Vaults:4)
  8 dream sheep
  A black mamba zombie (Crypt:1)
  Sigmund (D:2)
  5 air elementals
  8 shadows
  4 wyverns
  An ettin skeleton (Depths:1)
  A yak (shapeshifter) (Depths:3)
  A ynoxinul (Depths:4)
  16 spriggans
  3 hogs (Lair:4)
  17 water elementals
  11 wraiths
  2 dire elephant simulacra (Crypt:1)
  7 humans (D:14)
  30 yaks
  3 fire elementals
  3 wargs
  11 golden eyes
  4 steam dragons
  4 vampire mosquitoes (D:14)
  3 redbacks (Vaults:3)
  Menkaure (D:4)
  A fire bat zombie (Crypt:1)
  40 nagas
  8 hell hounds
  A naga zombie (Crypt:3)
  23 water moccasins
  2 acid dragons
  43 orc warriors
  A swamp drake (D:10)
  4 ice beasts
  27 laughing skulls
  A human zombie (Vaults:4)
  2 sky beasts
  An ettin simulacrum (Depths:2)
  A swamp dragon zombie (Crypt:2)
  8 black bears
  A blink frog zombie (Crypt:3)
  20 ogres
  20 wolves
  3 boggarts (Lair:5)
  20 centaurs
  A phantom (D:5)
  3 kobold brigands
  A draconian zombie (Crypt:3)
  A fire crab zombie (Crypt:1)
  9 weeping skulls (Crypt:3)
  A gnoll sergeant (D:9)
  3 earth elementals (Elf:2)
  10 bullfrogs
  A demonspawn simulacrum (Crypt:1)
  5 necrophages
  A warg zombie (Crypt:1)
  6 scorpions
  4 wights (D:8)
  8 howler monkeys
  3 electric eels (D:10)
  2 bombardier beetles
  25 orc priests
  2 hounds (D:6)
  6 jellies
  An iguana (D:5)
  Jessica (D:2)
  Ijyb (D:2)
  21 orc wizards
  4 sleepcaps
  A deep dwarf skeleton (Crypt:1)
  14 mummies (Crypt:3)
  Robin (D:4)
  11 gnolls
  5 adders
  2 shadow imps
  4 ufetubi (D:6)
  2 dart slugs (D:1)
  A ribbon worm (D:2)
  69 orcs
  5 ball pythons
  3 endoplasms
  6 giant cockroaches
  25 goblins
  9 hobgoblins
  12 jackals
  24 kobolds
  4 quokkas
  3 bats
  4 frilled lizards
  A frilled lizard zombie (Crypt:1)
  A goblin skeleton (Crypt:2)
  2 quokka skeletons (Crypt:3)
  4 rats
  2 aspiring fleshes (Zot:1)
  A butterfly (Lair:1)
  11 tentacles
2377 creatures vanquished.

Vanquished Creatures (collateral kills)
  A very ugly thing (Depths:1)
  A formless jellyfish (Slime:1)
  A stone giant (Depths:1)
  A great orb of eyes (Slime:1)
  A merfolk aquamancer (Shoals:3)
  An ugly thing (Depths:1)
  2 merfolk (Shoals:3)
  A slime creature (Slime:1)
  2 water elementals (Shoals:3)
11 creatures vanquished.

Vanquished Creatures (others)
  A vampire knight (Depths:1)
  A merfolk impaler (Shoals:1)
  An ettin (Depths:3)
  A naga warrior (Snake:4)
  A deep elf knight (Elf:2)
  A deep elf archer (Elf:2)
  A spriggan simulacrum (Depths:2)
  A deep elf pyromancer (Elf:3)
  A deep elf zephyrmancer (Elf:2)
  A manticore (Shoals:2)
  A black mamba (Snake:3)
  A naga (Snake:3)
  A water moccasin (D:9)
  An orc (D:9)
  4 tentacles (Shoals:3)
18 creatures vanquished.

Grand Total: 2406 creatures vanquished

Notes
Turn   | Place    | Note
-------+----------+-------------------------------------------
     0 | D:1      | grandjackal the Demonspawn Gladiator began the quest for
                  | the Orb.
     0 | D:1      | Reached XP level 1. HP: 16/16 MP: 1/1
   210 | D:1      | Gained mutation: Your touch may inflict minor irresistible
                  | damage on your foes. [demonic ancestry]
   210 | D:1      | Reached XP level 2. HP: 22/22 MP: 2/2
   566 | D:1      | Reached XP level 3. HP: 26/28 MP: 3/3
   751 | D:2      | Reached skill level 1 in Unarmed Combat
   818 | D:2      | Noticed Sigmund
  1029 | D:2      | Noticed Jessica
  1038 | D:2      | Killed Jessica
  1039 | D:2      | Gained mutation: You are partially covered in large bone
                  | plates. (SH +4) [demonic ancestry]
  1039 | D:2      | Reached XP level 4. HP: 26/35 MP: 4/4
  1203 | D:2      | Noticed Ijyb
  1218 | D:2      | Killed Ijyb
  1349 | D:2      | Found a faded altar of an unknown god.
  1676 | D:2      | Killed Sigmund
  1677 | D:2      | Reached XP level 5. HP: 26/43 MP: 5/5
  1677 | D:2      | Gained mutation: Your touch may inflict irresistible damage
                  | on your foes. [demonic ancestry]
  1677 | D:2      | Reached XP level 6. HP: 30/49 MP: 6/6
  2554 | D:4      | Reached skill level 5 in Fighting
  2698 | D:4      | Gained mutation: You are partially covered in sharp spines.
                  | [demonic ancestry]
  2698 | D:4      | Reached XP level 7. HP: 18/56 MP: 7/7
  2858 | D:4      | Noticed Menkaure
  2863 | D:4      | Killed Menkaure
  2885 | D:4      | Noticed Robin
  2912 | D:4      | Killed Robin
  3039 | D:4      | Reached skill level 5 in Unarmed Combat
  3169 | D:4      | Found a basalt altar of Yredelemnul.
  3220 | D:4      | Found a runed translucent door.
  3220 | D:4      | Noticed Sundig's ghost (novice DsFi)
  3440 | D:5      | Entered Level 5 of the Dungeon
  3966 | D:5      | Gained mutation: You are mostly covered in sharp spines.
                  | [demonic ancestry]
  3966 | D:5      | Reached XP level 8. HP: 61/65 MP: 8/8
  4282 | D:5      | Noticed a troll
  5152 | D:6      | Found a runed translucent door.
  5171 | D:6      | Found a runed translucent door.
  5171 | D:6      | Noticed zeez's ghost (novice TrCK)
  5256 | D:6      | Noticed a two-headed ogre
  5271 | D:5      | Killed a two-headed ogre
  5272 | D:5      | Gained mutation: You regenerate magic rapidly. [demonic
                  | ancestry]
  5272 | D:5      | Reached XP level 9. HP: 64/76 MP: 9/9
  5490 | D:6      | Found a staircase to the Ecumenical Temple.
  5508 | Temple   | Entered the Ecumenical Temple
  5515 | Temple   | Became a worshipper of Qazlal Stormbringer
  5565 | D:6      | Reached skill level 1 in Invocations
  6249 | D:7      | HP: 3/78 [centaur/arrow (9)]
  6591 | D:7      | Reached skill level 10 in Fighting
  6649 | D:7      | Reached * piety under Qazlal
  6695 | D:7      | Identified the +5 robe "Peikiesa" {Int-3 Slay+3 Archmagi}
  6782 | D:7      | Reached XP level 10. HP: 85/85 MP: 13/13
  7517 | D:8      | Reached skill level 5 in Invocations
  7717 | D:8      | Found the +4 skin of Zhor {*Englaciate rC+++ SInv}
  8052 | D:8      | Identified the +6 ring mail of Inference {rN+ Int+4}
  8077 | D:8      | Reached ** piety under Qazlal
  8078 | D:8      | Found an opulent altar of Gozag.
  8078 | D:8      | Found a hide-covered altar of Uskayaw.
  8078 | D:8      | Found a hazy altar of Hepliaklqana.
  8339 | D:8      | Noticed a two-headed ogre
  8347 | D:8      | Killed a two-headed ogre
  8348 | D:8      | Reached skill level 10 in Unarmed Combat
  8407 | D:8      | Noticed Joseph
  8417 | D:8      | Killed Joseph
  8418 | D:8      | Reached XP level 11. HP: 93/93 MP: 15/17
  8944 | D:9      | Found a staircase to the Lair.
  9054 | D:9      | Noticed a two-headed ogre
  9054 | D:9      | Noticed a two-headed ogre
  9054 | D:9      | Noticed a skeletal warrior
  9073 | D:9      | Killed a two-headed ogre
  9496 | D:9      | Found a sparkling altar of Nemelex Xobeh.
  9882 | D:10     | Entered Level 10 of the Dungeon
  9894 | D:10     | Noticed Lodul
  9907 | D:10     | Killed Lodul
 10044 | D:10     | Reached skill level 10 in Invocations
 10219 | D:10     | Found Kuxak's Armour Shoppe.
 10333 | D:10     | Found a runed translucent gate.
 10333 | D:10     | Found a runed translucent gate.
 10333 | D:10     | Found a runed translucent gate.
 10333 | D:10     | Noticed lucidstorm14's ghost (novice MiBe)
 10562 | D:10     | Reached *** piety under Qazlal
 10583 | D:10     | Found a staircase to the Orcish Mines.
 10968 | D:11     | Noticed Psyche
 10977 | D:11     | Killed Psyche
 11417 | D:11     | You fall into a shaft and drop 2 floors!
 11420 | D:13     | Found Iwoning's Armour Shoppe.
 11555 | D:13     | Noticed a two-headed ogre
 11562 | D:13     | Killed a two-headed ogre
 11563 | D:13     | Gained mutation: You are mostly covered in large bone
                  | plates. (SH +6) [demonic ancestry]
 11563 | D:13     | Reached XP level 12. HP: 54/103 MP: 20/20
 12152 | D:13     | Noticed a boulder beetle
 12228 | D:12     | Noticed a two-headed ogre
 12237 | D:12     | Killed a two-headed ogre
 12497 | D:12     | Noticed a boulder beetle
 12508 | D:12     | Killed a boulder beetle
 12531 | D:12     | Found a gate leading to a gauntlet.
 12545 | Gauntlet | Entered a Gauntlet
 12545 | Gauntlet | Found a transporter.
 12545 | Gauntlet | Found a transporter.
 12545 | Gauntlet | Found a transporter.
 12648 | Gauntlet | Found a transporter.
 12651 | Gauntlet | Found a transporter.
 12655 | Gauntlet | Noticed a catoblepas
 12658 | Gauntlet | Found a runed translucent door.
 12661 | Gauntlet | Found a transporter.
 12662 | Gauntlet | Found a transporter.
 12670 | Gauntlet | Found a transporter.
 12688 | Gauntlet | Found a transporter.
 12690 | Gauntlet | Noticed a death yak
 12690 | Gauntlet | Noticed a death yak
 12691 | Gauntlet | Noticed a death yak
 12691 | Gauntlet | Noticed a death yak
 12692 | Gauntlet | Noticed a death yak
 12692 | Gauntlet | Noticed a death yak
 12707 | Gauntlet | Found a transporter.
 12708 | Gauntlet | Found a transporter.
 12718 | Gauntlet | Found a transporter.
 12764 | Gauntlet | Found the +1 cloak of Starlight {*Dazzle EV+4 Stlth--}
 12843 | Gauntlet | Killed a catoblepas
 12986 | Gauntlet | Identified the ring "Izoin" {Fly AC+4}
 13192 | Gauntlet | Noticed a minotaur
 13208 | Gauntlet | Killed a minotaur
 13411 | D:12     | Identified the ring of the Middle {rPois Int+6 Dex+3}
 13578 | D:11     | Reached **** piety under Qazlal
 13812 | Lair:1   | Entered Level 1 of the Lair of Beasts
 14238 | Lair:1   | Reached XP level 13. HP: 113/113 MP: 23/23
 14545 | Lair:2   | Reached skill level 1 in Armour
 15015 | Lair:2   | Noticed Erica
 15024 | Lair:2   | Killed Erica
 15613 | Lair:3   | Found a staircase to the Shoals.
 15797 | Lair:3   | Reached ***** piety under Qazlal
 16040 | Lair:3   | Found a staircase to the Snake Pit.
 16691 | Lair:4   | Noticed Kirke
 16786 | Lair:4   | Killed Kirke
 16928 | Lair:4   | Reached skill level 15 in Invocations
 17134 | Lair:4   | Reached skill level 5 in Armour
 17134 | Lair:4   | Reached XP level 14. HP: 121/121 MP: 25/25
 17514 | Lair:5   | Entered Level 5 of the Lair of Beasts
 17624 | Lair:5   | Reached skill level 15 in Fighting
 17689 | Lair:5   | Found a staircase to the Slime Pits.
 17953 | Lair:5   | Reached ****** piety under Qazlal
 19086 | Orc:1    | Entered Level 1 of the Orcish Mines
 19093 | Orc:1    | Noticed experimilk's ghost (journeyman TrGl)
 19103 | Orc:1    | Found a runed translucent gate.
 19103 | Orc:1    | Found a runed translucent gate.
 19103 | Orc:1    | Found a runed translucent gate.
 19124 | Orc:1    | Found Vidage's Antique Weapon Shoppe.
 19560 | Orc:1    | Noticed an orc warlord
 19637 | D:10     | Killed an orc warlord
 19875 | Orc:2    | Entered Level 2 of the Orcish Mines
 20371 | Orc:2    | Paralysed by an orc sorcerer for 2 turns
 20584 | Orc:2    | Noticed an orc warlord
 20591 | Orc:2    | Reached skill level 5 in Dodging
 20622 | Orc:1    | Killed an orc warlord
 20922 | Orc:2    | Gained mutation: Your body sometimes deteriorates upon
                  | taking damage. [a neqoxec]
 20925 | Orc:2    | Gained mutation: You are weak. (Str -2) [a neqoxec]
 21083 | Orc:2    | Found Jaupil's Antique Armour Shop.
 21239 | Orc:2    | Found Apoim's Distillery.
 21249 | Orc:2    | Bought a potion of enlightenment for 70 gold pieces
 21249 | Orc:2    | Bought a potion of cancellation for 112 gold pieces
 21249 | Orc:2    | Bought a potion of magic for 112 gold pieces
 21249 | Orc:2    | Bought a potion of curing for 42 gold pieces
 21249 | Orc:2    | Bought a potion of curing for 42 gold pieces
 21284 | Orc:2    | Found Noqan's General Store.
 21351 | Orc:2    | Found a staircase to the Elven Halls.
 21382 | Orc:2    | Found Huagy's Antique Weapon Shop.
 21419 | Orc:2    | Found Eblutil's Jewellery Shoppe.
 22129 | D:14     | Found Olouck's Antique Armour Boutique.
 22180 | D:14     | Bought an ichor-stained chain mail for 209 gold pieces
 22180 | D:14     | Identified the +0 chain mail of the Poles {^Drain rF+ rC+
                  | Dex+3 Stlth+} (You bought it in a shop on level 14 of the
                  | Dungeon)
 22232 | D:14     | Found a runed translucent gate.
 22233 | D:14     | Found a runed translucent gate.
 22233 | D:14     | Found a runed translucent gate.
 22233 | D:14     | Noticed a lich
 22234 | D:14     | Found an ancient bone altar of Kikubaaqudgha.
 22234 | D:14     | Noticed Fenymij's ghost (adept KoBr)
 22235 | D:14     | Noticed a lich
 22235 | D:14     | Noticed a lich
 22235 | D:14     | Noticed a lich
 22393 | D:14     | Reached XP level 15. HP: 130/130 MP: 27/27
 22649 | D:14     | Found a gate to the Vaults.
 22994 | D:15     | Entered Level 15 of the Dungeon
 23468 | D:15     | Found a staircase to the Depths.
 24061 | Elf:1    | Entered Level 1 of the Elven Halls
 24084 | Orc:2    | Reached skill level 15 in Unarmed Combat
 24336 | Elf:1    | Found Xoil's Magic Scroll Boutique.
 24349 | Elf:1    | Bought a scroll of blinking for 135 gold pieces
 24349 | Elf:1    | Bought a scroll of fog for 72 gold pieces
 24349 | Elf:1    | Bought a scroll of fog for 72 gold pieces
 24349 | Elf:1    | Bought a scroll of immolation for 72 gold pieces
 24349 | Elf:1    | Bought a scroll of identify for 36 gold pieces
 24349 | Elf:1    | Bought a scroll of identify for 36 gold pieces
 24510 | Elf:1    | Noticed Asterion
 24518 | Elf:1    | Killed Asterion
 24565 | Elf:1    | Noticed Azrael
 24711 | Elf:1    | Paralysed by an air elemental for 1 turns
 24773 | Elf:1    | Got the Elucidation of Ensnaring Chemistry
 24882 | Elf:1    | Killed Azrael
 25406 | Elf:2    | Gained mutation: Your hexes are more powerful. [demonic
                  | ancestry]
 25406 | Elf:2    | Reached XP level 16. HP: 91/141 MP: 29/29
 25671 | Elf:2    | Paralysed by an air elemental for 1 turns
 25717 | Elf:2    | Found a portal to a secret trove of treasure.
 26362 | Elf:2    | Found a huge runed translucent gate.
 26362 | Elf:2    | Found a huge runed translucent gate.
 26362 | Elf:2    | Found a huge runed translucent gate.
 26364 | Elf:2    | Found a huge runed translucent gate.
 26365 | Elf:2    | Found a huge runed translucent gate.
 26714 | Elf:3    | Entered Level 3 of the Elven Halls
 26760 | Elf:3    | Found Sesups's Jewellery Shop.
 26819 | Elf:3    | Paralysed by an air elemental for 1 turns
 26823 | Elf:3    | Paralysed by an air elemental for 1 turns
 27075 | Elf:3    | Identified the +9 scimitar "Liaboc" {drain, rElec rC+++
                  | rCorr Int-5}
 27190 | Elf:3    | Noticed a deep elf blademaster
 27198 | Elf:3    | Noticed a deep elf blademaster
 27200 | Elf:3    | Noticed a deep elf master archer
 27203 | Elf:3    | Killed a deep elf master archer
 27203 | Elf:3    | Killed a deep elf blademaster
 27203 | Elf:3    | Killed a deep elf master archer
 27205 | Elf:3    | Killed a deep elf blademaster
 27579 | Elf:3    | Reached XP level 17. HP: 128/151 MP: 24/31
 27851 | Elf:3    | Identified the ring of Agapuuta {Wiz +Blink rF- rCorr
                  | Dex-5}
 27871 | Elf:3    | Got Teifypo's Elucidation of the Undead Squall
 27884 | Elf:3    | Found the +0 pair of fencer's gloves {Riposte Dex+3}
 27972 | Elf:3    | Identified the staff of Rosutz {rPois Str+2 Dex+3 Fire
                  | Alchemy}
 28461 | Snake:1  | Entered Level 1 of the Snake Pit
 29001 | Snake:1  | Identified the amulet "Pucli" {Acrobat MP+9 Dex+3 SInv
                  | Stlth-}
 31535 | Snake:3  | Identified the death talisman of Hangman {Str+3}
 31759 | Snake:3  | Noticed Nikola
 31770 | Snake:3  | Killed Nikola
 32090 | Snake:3  | Noticed Roxanne
 32349 | Snake:4  | Entered Level 4 of the Snake Pit
 32413 | Snake:4  | Found Qaizigi's Jewellery Boutique.
 32426 | Snake:4  | Found Hupsomoe's Antique Weapon Shop.
 32427 | Snake:4  | Found Nemeson's Jewellery Boutique.
 32434 | Snake:4  | Bought the ring "Neolatas" {rElec rCorr Int+6 SInv Stlth-}
                  | for 1284 gold pieces
 32843 | Snake:4  | Identified the serpent talisman of True Grit {Dex+4 Stlth+}
 32843 | Snake:4  | Noticed Aizul
 32862 | Snake:4  | Killed Aizul
 32988 | Snake:4  | Noticed Vashnia
 32988 | Snake:4  | Noticed Saint Roka
 32990 | Snake:4  | Gained mutation: You are completely covered in large bone
                  | plates. (SH +8) [demonic ancestry]
 32990 | Snake:4  | Reached XP level 18. HP: 124/160 MP: 23/32
 32994 | Snake:4  | Killed Vashnia
 33241 | Snake:4  | Killed Saint Roka
 33513 | Snake:4  | Got a serpentine rune of Zot
 35174 | Shoals:1 | Entered Level 1 of the Shoals
 36285 | Shoals:2 | Found a flickering gateway to a bazaar.
 36294 | Bazaar   | Entered a bazaar
 36294 | Bazaar   | Found Mijutokk's Antique Weapon Shop.
 36302 | Bazaar   | Found Amexaets's Jewellery Boutique.
 36319 | Bazaar   | Found Pukkox's Magic Scroll Emporium.
 36326 | Bazaar   | Found Suzulof's Antique Weapon Emporium.
 36327 | Bazaar   | Bought 3 scrolls of teleportation for 81 gold pieces
 36327 | Bazaar   | Bought a scroll of blinking for 67 gold pieces
 36327 | Bazaar   | Bought a scroll of poison for 36 gold pieces
 36327 | Bazaar   | Bought a scroll of immolation for 36 gold pieces
 36334 | Bazaar   | Found Juevvuc's Distillery.
 36342 | Bazaar   | Bought a potion of curing for 30 gold pieces
 36342 | Bazaar   | Bought a potion of heal wounds for 50 gold pieces
 36342 | Bazaar   | Bought a potion of resistance for 100 gold pieces
 36342 | Bazaar   | Bought a potion of curing for 30 gold pieces
 36342 | Bazaar   | Bought 2 potions of mutation for 160 gold pieces
 36342 | Bazaar   | Bought a potion of mutation for 80 gold pieces
 36342 | Bazaar   | Bought a potion of berserk rage for 50 gold pieces
 36408 | Shoals:2 | Noticed Polyphemus
 36420 | Shoals:2 | Killed Polyphemus
 36882 | Shoals:2 | Noticed Mlioglotl
 36899 | Shoals:2 | Killed Mlioglotl
 37574 | Shoals:3 | Found Luimoam's Armour Boutique.
 37651 | Shoals:3 | Gained mutation: Your touch may irresistibly damage your
                  | foes and sap their willpower. [demonic ancestry]
 37651 | Shoals:3 | Reached XP level 19. HP: 155/169 MP: 34/34
 38750 | Shoals:4 | Entered Level 4 of the Shoals
 38862 | Shoals:4 | Found a transporter.
 38863 | Shoals:4 | Found a transporter.
 39022 | Shoals:4 | Got a barnacled rune of Zot
 39465 | Shoals:4 | Found a transporter.
 39617 | Shoals:4 | Found a transporter.
 39638 | Shoals:4 | Found a transporter.
 39640 | Shoals:4 | Found a transporter.
 39673 | Shoals:4 | Noticed Donald
 39686 | Shoals:4 | Killed Donald
 39690 | Shoals:4 | Identified the +4 scale mail of Voackohu {Harm rCorr Dex+3}
 40039 | Shoals:4 | Identified the +5 broad axe "Dishri" {venom, Int+3}
 40332 | Slime:1  | Entered Level 1 of the Pits of Slime
 40515 | Slime:2  | Paralysed by a formless jellyfish for 1 turns
 40515 | Slime:2  | Gained mutation: You are vulnerable to heat. (rF-) [a
                  | shining eye]
 40802 | Slime:1  | Lost mutation: You are vulnerable to heat. (rF-) [potion of
                  | mutation]
 40802 | Slime:1  | Lost mutation: Your body sometimes deteriorates upon taking
                  | damage. [potion of mutation]
 40802 | Slime:1  | Lost mutation: You are weak. (Str -2) [potion of mutation]
 40802 | Slime:1  | Gained mutation: You are resistant to electric shocks.
                  | (rElec) [potion of mutation]
 40802 | Slime:1  | Gained mutation: Your spells are a little harder to cast,
                  | but a little more powerful. [potion of mutation]
 40802 | Slime:1  | Gained mutation: Your system is resistant to poisons.
                  | (rPois) [potion of mutation]
 40806 | Slime:2  | Gained mutation: You are frail. (-10% HP) [a shining eye]
 40839 | Slime:1  | Lost mutation: Your system is resistant to poisons. (rPois)
                  | [potion of mutation]
 40839 | Slime:1  | Lost mutation: You are frail. (-10% HP) [potion of
                  | mutation]
 40839 | Slime:1  | Gained mutation: Your flesh is cold resistant. (rC+)
                  | [potion of mutation]
 40839 | Slime:1  | Gained mutation: Your spells are harder to cast, but more
                  | powerful. [potion of mutation]
 42854 | Slime:5  | Entered Level 5 of the Pits of Slime
 43204 | Slime:5  | Paralysed by a formless jellyfish for 1 turns
 43303 | Slime:4  | Paralysed by a formless jellyfish for 1 turns
 43306 | Slime:4  | Gained mutation: When hurt, damage is shared between your
                  | health and your magic reserves. [demonic ancestry]
 43306 | Slime:4  | Reached XP level 20. HP: 140/178 MP: 35/35
 43459 | Slime:4  | Paralysed by a formless jellyfish for 1 turns
 43782 | Slime:5  | Noticed the Royal Jelly
 43799 | Slime:5  | Killed the Royal Jelly
 44198 | Slime:5  | Got a slimy rune of Zot
 44282 | Slime:5  | Got the Parchment of Congregated Transportation
 44464 | Slime:5  | Identified the staff of Casef {rPois rCorr Alchemy}
 44517 | Slime:5  | Got the Textbook on Roasted Exhumation
 45093 | Vaults:1 | Entered Level 1 of the Vaults
 45328 | Vaults:1 | Found a flickering gateway to a bazaar.
 45406 | Vaults:1 | Identified the +7 whip of Lichigoi {protect, rElec}
 45448 | Bazaar   | Entered a bazaar
 45466 | Bazaar   | Found Yffep's Weapon Shoppe.
 45466 | Bazaar   | Found Delouv's Weapon Emporium.
 45487 | Bazaar   | Found Pabym's Jewellery Shoppe.
 45497 | Bazaar   | Bought the amulet "Latoener" {Reflect rPois Regen+ SH+5
                  | SInv} for 544 gold pieces
 45519 | Bazaar   | Found Tuvamyot's Antique Armour Emporium.
 46201 | Vaults:1 | Reached skill level 10 in Dodging
 46546 | Vaults:2 | Found a staircase to the Crypt.
 46838 | Vaults:2 | Identified the staff of Ascent {rElec Int+7 Dex-4 Air}
 47000 | Vaults:2 | Gained mutation: Your melee attacks may debilitate your
                  | foes. [demonic ancestry]
 47000 | Vaults:2 | Reached XP level 21. HP: 110/188 MP: 24/37
 49264 | Vaults:4 | Reached skill level 10 in Armour
 50530 | Crypt:1  | Entered Level 1 of the Crypt
 50579 | Crypt:1  | Noticed Margery
 50729 | Crypt:1  | Killed Margery
 50951 | Crypt:1  | Paralysed by a vampire knight for 2 turns
 50968 | Crypt:1  | Identified the ring "Kiygaoda" {Ice ^Contam Will+ Dex+3}
 50968 | Crypt:1  | Noticed Josephina
 50986 | Crypt:1  | Killed Josephina
 50990 | Crypt:1  | Reached XP level 22. HP: 118/198 MP: 25/39
 51154 | Crypt:1  | Identified the +5 long sword "Puh Ymme" {pain, rPois Str+3}
 51290 | Crypt:1  | Identified the +4 scale mail "Qajoor" {*Corrode +Blink
                  | rElec Str+3}
 52298 | Crypt:3  | Entered Level 3 of the Crypt
 52463 | Crypt:3  | Noticed Khufu
 52471 | Crypt:3  | Noticed a royal mummy
 52485 | Crypt:3  | Killed Khufu
 52493 | Crypt:3  | Killed a royal mummy
 52622 | Crypt:3  | Reached skill level 27 in Invocations
 53237 | Crypt:3  | Found an ancient bone altar of Kikubaaqudgha.
 53542 | Crypt:3  | Got the Grimoire of Necromantic Ceremonies
 53557 | Crypt:3  | Reached XP level 23. HP: 209/209 MP: 40/40
 53619 | Crypt:3  | Found the +3 pair of seven-league boots {Rampage+∞}
 53669 | Crypt:3  | Identified the +4 leather armour "Zuidedy" {Rampage SInv}
 54059 | Crypt:3  | Found a staircase to the Tomb.
 54423 | Depths:1 | Entered Level 1 of the Depths
 54436 | Depths:1 | Noticed Bai Suzhen
 54474 | Depths:1 | Killed Bai Suzhen
 54709 | Depths:1 | Found a flickering gateway to a bazaar.
 54726 | Bazaar   | Entered a bazaar
 54733 | Bazaar   | Found Unostaeg's Book Shop.
 54747 | Bazaar   | Found Xoshraet's Distillery.
 54755 | Bazaar   | Bought 2 potions of heal wounds for 100 gold pieces
 54755 | Bazaar   | Bought a potion of resistance for 100 gold pieces
 54755 | Bazaar   | Bought 2 potions of haste for 200 gold pieces
 54755 | Bazaar   | Bought a potion of curing for 30 gold pieces
 54755 | Bazaar   | Bought a potion of curing for 30 gold pieces
 54761 | Bazaar   | Found Yjipt's General Store.
 54769 | Bazaar   | Bought a scroll of teleportation for 27 gold pieces
 54769 | Bazaar   | Bought a scroll of teleportation for 27 gold pieces
 54789 | Bazaar   | Found Iggaon's Assorted Antiques.
 54797 | Bazaar   | Bought a scroll of fog for 124 gold pieces
 54797 | Bazaar   | Bought a scroll of blinking for 232 gold pieces
 54797 | Bazaar   | Bought a scroll of teleportation for 93 gold pieces
 54797 | Bazaar   | Bought a smoky inky potion for 27 gold pieces
 54803 | Bazaar   | Found Ycwio's Armour Boutique.
 54817 | Bazaar   | Found Ponk's General Store.
 54825 | Bazaar   | Bought a scroll of fog for 36 gold pieces
 54825 | Bazaar   | Bought a scroll of fog for 36 gold pieces
 54867 | Depths:1 | Found a gateway to Hell.
 55002 | Depths:1 | Found a shimmering blue altar of Sif Muna.
 55097 | Depths:1 | Noticed an ancient lich
 55107 | Depths:1 | Killed an ancient lich
 55306 | Depths:1 | Found a stormy altar of Qazlal.
 55397 | Depths:1 | Found Bown's Book Shop.
 55397 | Depths:1 | Found Arghuy's Jewellery Shoppe.
 55398 | Depths:1 | Found Zyetodod's Jewellery Shoppe.
 55701 | Depths:2 | Found a magical portal.
 55710 | WizLab   | Entered The Hall of the Hellbinder
 55734 | WizLab   | Gained mutation: You occasionally shout uncontrollably at
                  | your foes. [a cacodemon]
 55846 | WizLab   | Lost mutation: You are resistant to electric shocks.
                  | (rElec) [a cacodemon]
 55986 | WizLab   | Found a burning altar of Makhleb.
 55997 | WizLab   | Identified the amulet of Geadu {RegenMP -Tele Harm rF+
                  | Stlth+}
 56020 | WizLab   | Identified the ring of Cowardice {MP+9 Int+5}
 56718 | Depths:2 | Found a one-way gate leading to the halls of Pandemonium.
 57047 | Depths:3 | Noticed Grunn
 57060 | Depths:3 | Killed Grunn
 57064 | Depths:3 | Gained mutation: You are completely covered in sharp
                  | spines. [demonic ancestry]
 57064 | Depths:3 | Reached XP level 24. HP: 189/221 MP: 30/40
 57171 | Depths:3 | Gained mutation: You are surrounded by an aura of silence.
                  | [demonic ancestry]
 57171 | Depths:3 | Reached XP level 25. HP: 224/228 MP: 40/40
 57428 | Depths:3 | Identified the +4 scale mail "Xytek" {Harm}
 57825 | Depths:3 | Found a one-way gateway to a ziggurat.
 57826 | Depths:3 | Found the +5 moon troll leather armour {Spirit, Regen++
                  | MP+5}
 57949 | Depths:3 | Identified the +0 plate armour of the Eternal Void {Harm}
 58020 | Depths:3 | Found a one-way gate to the infinite horrors of the Abyss.
 58777 | Depths:4 | Entered Level 4 of the Depths
 59096 | Depths:4 | Found a gate to the Realm of Zot.
 59508 | Depths:4 | Noticed a juggernaut
 59521 | Depths:4 | Killed a juggernaut
 59944 | Zot:1    | Entered Level 1 of the Realm of Zot
 59952 | Zot:1    | Found the +4 dragonskin cloak
 59952 | Zot:1    | Noticed Tiamat
 60024 | Zot:1    | Noticed Parghit
 60050 | Depths:4 | Killed Tiamat
 60051 | Depths:4 | Reached skill level 27 in Fighting
 60051 | Depths:4 | Gained mutation: When low on magic, you restore magic in
                  | place of health. [demonic ancestry]
 60051 | Depths:4 | Reached XP level 26. HP: 117/242 MP: 26/40
 60158 | Zot:1    | Killed Parghit
 60850 | Zot:1    | Noticed a juggernaut
 60850 | Zot:1    | a juggernaut changed into a titan
 60985 | Zot:1    | Identified the staff of the Poles {rPois Str+3 Dex+2 Stlth+
                  | Conj Alchemy}
 61705 | Zot:2    | Identified the +1 mace of Zouhetyo {heavy, rN++ rCorr
                  | Int-4}
 63010 | Zot:3    | Found the +2 hat of the Bear Spirit {Spirit, Bear, *Rage
                  | Will++}
 63964 | Zot:4    | Reached XP level 27. HP: 249/249 MP: 40/40
 64243 | Zot:4    | Identified the ring "Wuhaq" {rN+ Dex+4}
 64533 | Zot:5    | Entered Level 5 of the Realm of Zot
 64635 | Zot:5    | Noticed an ancient lich
 64645 | Zot:5    | Noticed an ancient lich
 64648 | Zot:5    | Killed an ancient lich
 64650 | Zot:5    | Noticed an orb of fire
 64651 | Zot:5    | Gained mutation: You have hidden genetic defects. [an orb
                  | of fire]
 64652 | Zot:5    | Killed an ancient lich
 64655 | Zot:5    | HP: 9/249 [orb of fire/fireball (32)]
 64657 | Zot:5    | Gained mutation: You occasionally lose the ability to drink
                  | potions when taking damage. [an orb of fire]
 64657 | Zot:5    | Gained mutation: Armour fits poorly on your strangely
                  | shaped body. [an orb of fire]
 64659 | Zot:5    | Killed an orb of fire
 64958 | Zot:5    | Noticed an ancient lich
 64958 | Zot:5    | Noticed an ancient lich
 64958 | Zot:5    | Noticed an orb of fire
 64965 | Zot:5    | Killed an orb of fire
 64977 | Zot:5    | Killed an ancient lich
 64980 | Zot:5    | Killed an ancient lich
 64996 | Zot:5    | Reached skill level 15 in Dodging
 65012 | Zot:5    | Noticed an orb of fire
 65022 | Zot:5    | Killed an orb of fire
 65032 | Zot:5    | Gained mutation: You have terrible hidden genetic defects.
                  | [hidden defects]
 65037 | Zot:5    | Noticed an ancient lich
 65038 | Zot:5    | Noticed an ancient lich
 65038 | Zot:5    | Noticed an ancient lich
 65046 | Zot:5    | Killed an ancient lich
 65051 | Zot:5    | Killed an ancient lich
 65052 | Zot:5    | Reached skill level 15 in Armour
 65063 | Zot:5    | Killed an ancient lich
 65205 | Zot:5    | Lost mutation: You occasionally lose the ability to drink
                  | potions when taking damage. [potion of mutation]
 65205 | Zot:5    | Lost mutation: You have terrible hidden genetic defects.
                  | [potion of mutation]
 65206 | Zot:5    | Lost mutation: Your flesh is cold resistant. (rC+) [potion
                  | of mutation]
 65206 | Zot:5    | Lost mutation: Your spells are harder to cast, but more
                  | powerful. [potion of mutation]
 65206 | Zot:5    | Lost mutation: Your spells are a little harder to cast, but
                  | a little more powerful. [potion of mutation]
 65206 | Zot:5    | Gained mutation: Your mind is acute. (Int +4, Str/Dex -1)
                  | [potion of mutation]
 65207 | Zot:5    | Lost mutation: You have hidden genetic defects. [potion of
                  | mutation]
 65207 | Zot:5    | Lost mutation: You occasionally shout uncontrollably at
                  | your foes. [potion of mutation]
 65207 | Zot:5    | Gained mutation: Your spells are a little harder to cast,
                  | but a little more powerful. [potion of mutation]
 65207 | Zot:5    | Gained mutation: Your muscles are strong. (Str +4, Int/Dex
                  | -1) [potion of mutation]
 65207 | Zot:5    | Gained mutation: Your system is resistant to poisons.
                  | (rPois) [potion of mutation]
 65207 | Zot:5    | Gained mutation: A frigid envelope surrounds you and
                  | freezes all who hurt you. [potion of mutation]
 65289 | Zot:5    | Noticed a dread lich
 65301 | Zot:5    | Paralysed by a dread lich for 5 turns
 65553 | Zot:5    | Noticed a dread lich
 65557 | Zot:5    | Killed a dread lich
 65589 | Zot:5    | Killed a dread lich
 65613 | Zot:5    | Got the Orb of Zot
 66513 | D:$      | Escaped with the Orb!

Illustrated notes

Levels and vault maps discovered:
D:1:      dpeg_arrival_more_subterranean_lakeside_camping, layout_basic
D:2:      kennysheep_the_goblin_king, layout_basic,
          shapermc_ecumenical_altar_starsandcircs, uniq_jessica, uniq_sigmund
D:3:      layout_loops_cross
D:4:      layout_cave_pools, mainiacjoe_overflow_surrounded_room,
          hellmonk_ghost_happy_afterlife, uniq_robin, uniq_menkaure
D:5:      layout_basic, lightli_corner_chamber
D:6:      layout_cave_pools, minmay_temple_entry_mini_moons,
          ebering_ghost_sewer_f, chequers_serial_rivers_room_a, billiards_dpeg
D:7:      layout_gridville, enter_bailey_5, centaur_isle
D:8:      layout_basic, gammafunk_temple_overflow_claw, hangedman_glass_teeth,
          hellmonk_guarded_unrand_zhor, uniq_joseph
D:9:      layout_basic, overflow_temple_1_default, due_lair_maze_entry_diamond,
          lightli_fourway_metalbox
D:10:     layout_basic, erik_orc_1, gammafunk_ghost_nasty_kobolds, serial_shops,
          shop, minmay_unpleasant_kobolds, uniq_lodul
D:11:     layout_gridville, uniq_psyche
D:12:     layout_basic, gauntlet_entry_generic
D:13:     layout_loops_ring, serial_shops, kennysheep_mini_moat
D:14:     layout_loops_ring, ximxim_vaults_locker_room, serial_shops,
          nicolae_shop_tiny_glass, gammafunk_ghost_crypt,
          hangedman_abyss_or_decor_lesser_grid
D:15:     grunt_enter_depths_snipers, layout_cave_pools, minmay_fountain_box,
          hangedman_decor_peaks_small
Temple:   sentei_temple_godly_chess
Lair:1:   layout_gridlike, lemuel_fruit_fields
Lair:2:   layout_chaotic_city, st_stairs_9, minivault_26,
          chequers_serial_rivers_small_b, dreamdust_deal_with_the_devil,
          infiniplex_staircase_pool_2, uniq_erica
Lair:3:   layout_gridlike, shoals_dummy_entry, guppyfry_snake_entry_island,
          lemuel_old_faithful
Lair:4:   layout_hall_layers, st_stairs_3, wad_woods_road_06,
          grunt_megastairs_4, uniq_kirke
Lair:5:   minmay_lair_end_enchanted_forest, layout_regular_city,
          nicolae_slime_entry_field_trip
Shoals:1: layout_shoals, nicolae_shoals_aquamancer_cove
Shoals:2: layout_shoals, serial_shops, bzr_in_the_mist,
          nicolae_shoals_pincushion_passage, uniq_mlioglotl, uniq_polyphemus
Shoals:3: layout_shoals, serial_shops, nicolae_shop_tiny_waterfront,
          nicolae_shoals_wave_tunnel
Shoals:4: shoals_end_hangedman, layout_shoals, serial_nicolae_subway,
          nicolae_sub_station_crystal, nicolae_sub_station_stone,
          nicolae_sub_station_metal, uniq_donald
Snake:1:  layout_chambers
Snake:2:  layout_onion
Snake:3:  layout_rooms, uniq_roxanne, uniq_nikola
Snake:4:  snake_pit, layout_grid_maze, minmay_shop_star, lemuel_fruit_tree,
          uniq_aizul, uniq_saint_roka, uniq_vashnia
Slime:1:  layout_caves
Slime:2:  layout_caves
Slime:3:  layout_caves, nicolae_slime_barrier
Slime:4:  layout_caves
Slime:5:  slime_pit_nicolae_inversion
Orc:1:    layout_diamond_mine, gammafunk_ghost_split, serial_shops, shop
Orc:2:    grunt_orc_gardens, layout_diamond_mine, grunt_orc_garden,
          grunt_orc_garden, grunt_orc_garden, grunt_orc_garden, serial_shops,
          nicolae_lakefront_shop
Elf:1:    elf_arrival_002, layout_geoelf_octagon, serial_shops,
          nicolae_square_shop, nicolae_elf_blasts_and_bolts,
          nicolae_elf_big_sculpture_3, uniq_asterion, uniq_azrael
Elf:2:    elven_hall_of_blades_hangedman_alternative
          [nicolae_blade_entry_floor_patterns], layout_geoelf_octagon,
          nicolae_trove_entry_isolated, special_room [special_room_orc],
          drop_trap, serial_sigils_hangedman_quiver,
          serial_library_regret_index_boxing, eino_tiny_chamber
Elf:3:    elf_hall, layout_geoelf_diagonals, serial_shops, shop,
          minmay_checkered_concentric_circles
Vaults:1: hangedman_vaults_corner, nicolae_vaults_closet_pinwheel_2,
          v_pattern_3, hangedman_vaults_snaps, nicolae_vaults_ring_of_whatevers,
          ontoclasm_vaults_chip, nicolae_vaults_offset_grid_hallway_3,
          v_misc_26, hangedman_vaults_impose, nicolae_vaults_circle_grid_b,
          vaults_dpeg_doors, vaults_dpeg_diagonal,
          nicolae_vaults_storage_room_glass, nicolae_vaults_house_3,
          nicolae_vaults_little_squares_2, layout_vaults_maze_snakey,
          serial_shops, bzr_entry_safe
Vaults:2: minmay_crypt_entry_simple_statues, nicolae_vaults_what_the_h,
          nicolae_vaults_thirteen_compartments,
          nicolae_vaults_trapezoid_lopsided_4, nicolae_vaults_stepped_doors,
          hangedman_vaults_corner_blocks, nicolae_vaults_octothorpe,
          grunt_vaults_funnel, dpeg_vaults_monster_row, v_misc_29,
          vaults_room_pool, vaults_dpeg_encased_lava,
          nicolae_vaults_tetromino_Z_2, nicolae_vaults_yaktaur_gun_rack,
          ontoclasm_vaults_shuriken, layout_vaults_omnicross
Vaults:3: hangedman_vaults_capsules, hangedman_vaults_slice,
          nicolae_vaults_three_branches, v_misc_29, layout_vaults_quadrants
Vaults:4: nicolae_vaults_closet_pinwheel_5, nicolae_vaults_double_plus_1,
          nicolae_vaults_shelves_hall, ontoclasm_vaults_spin, v_pattern_1,
          hangedman_vaults_restitches, nicolae_vaults_storage_room_statues,
          vaults_room_corners, layout_vaults_chaotic_city
Crypt:1:  layout_rooms, grunt_crypt_arrival_split,
          roderic_lattice_octagonal_star, uniq_josephina, uniq_margery
Crypt:2:  layout_misc_corridors, nicolae_crypt_fancy_cubbyholes, st_stairs_9,
          grunt_ministairs_7
Crypt:3:  church_of_pain_bobbens, layout_chaotic_city,
          nicolae_tomb_entry_unfolded_pyramid_diagonal, weyrava_ghost_lake,
          uniq_khufu
Depths:1: layout_cave_pools, lemuel_coloured_pillars_altar, special_room
          [special_room_morgue], grunt_hell_horde, serial_shops, bzr_firewalk,
          grunt_qazlal_clouds, minmay_shop_grove, uniq_bai_suzhen
Depths:2: dreamdust_isle_of_ice, layout_gridlike, mu_enter_wizlab_3,
          rand_demon_pan_entry_1, hangedman_coc_ice_floe,
          hangedman_decor_diamond_cutter, infiniplex_staircase_pool_1
Depths:3: box_level_dp, serial_shops, pan_entry, hell_entry, abyss_entry,
          uniq_grunn
Depths:4: evilmike_zot_entry_argh, layout_cave_pools,
          hangedman_abyss_or_decor_stagger, rand_demon_pan_entry_3,
          grunt_hell_entry_dis_grunt
Zot:1:    layout_basic, st_stairs_7, hellmonk_formless_pools, uniq_tiamat,
          uniq_parghit
Zot:2:    bobbens_index_wilting_gardens, layout_misc_corridors,
          hangedman_zot_decor_slant
Zot:3:    kennysheep_oblong_rooms, layout_misc_corridors, bh_zot_ikea_curve
Zot:4:    layout_gridlike, hangedman_zot_diagonal_lockstep,
          nicolae_zig_zag_zippers
Zot:5:    layout_basic

Skill      XL: |  1  2  3  4  5  6  7  8  9 10 11 12 13 14 15 16 17 18 19 20 21 22 23 24 25 26 27 |
---------------+----------------------------------------------------------------------------------+-----
Throwing       | 2 |  2.0
Dodging        | 3 5 6 8 10 11 13 16 | 16.2
Unarmed Combat | 1 3 4 5 7 8 10 11 12 13 14 15 16 17 18 19 20 22 23 24 26 | 26.5
Fighting       | 3 4 5 6 9 10 11 12 14 15 17 18 19 20 21 22 23 25 27 | 27.0
Invocations    | 4 8 11 13 15 16 18 20 21 22 23 25 26 27 | 27.0
Armour         | 5 6 8 9 10 12 15 | 15.7
Axes           | |  2.8

Action                     |  1- 3 |  4- 6 |  7- 9 | 10-12 | 13-15 | 16-18 | 19-21 | 22-24 | 25-27 || total
---------------------------+-------+-------+-------+-------+-------+-------+-------+-------+-------++-------
  Melee: War axe           |    92 |    26 |       |       |       |       |       |       |       ||   118
         Touch             |     5 |    25 |    42 |   135 |   215 |   251 |   398 |   294 |   336 ||  1701
         Unarmed           |       |    79 |   214 |   504 |   968 |  1165 |  1541 |  1331 |  1485 ||  7287
         Punch             |       |     1 |     9 |    46 |   101 |   140 |   296 |   258 |   346 ||  1197
  Throw: Throwing net      |       |     4 |       |     4 |       |       |       |       |       ||     8
 Invoke: Upheaval          |       |       |       |     1 |     6 |     8 |    17 |     5 |     6 ||    43
         Disaster Area     |       |       |       |       |       |     2 |     2 |     2 |     4 ||    10
         Elemental Force   |       |       |       |       |       |       |     3 |     2 |       ||     5
  Evoke: Wand              |       |       |       |     6 |       |       |       |       |     6 ||    12
    Use: Scroll            |       |       |       |    10 |    17 |     8 |     6 |     2 |    10 ||    53
         Potion            |       |       |       |     4 |     1 |     8 |     7 |     2 |    11 ||    33
   Stab: Sleeping          |     1 |       |       |       |       |       |       |       |       ||     1
         Held in net/web   |       |     2 |       |       |       |       |       |       |       ||     2
         Invisible         |       |       |       |     1 |    34 |    19 |    19 |    12 |     5 ||    90
         Distracted        |       |       |       |       |     1 |       |       |     1 |       ||     2
         Paralysed         |       |       |       |       |       |       |     1 |     6 |       ||     7
         Petrifying        |       |       |       |       |       |       |       |       |     2 ||     2
         Petrified         |       |       |       |       |       |       |       |       |     1 ||     1
 Armour: Leather armour    |    56 |    55 |   102 |    38 |       |       |       |       |       ||   251
         Ring mail         |       |       |       |   133 |   257 |   451 |   567 |   516 |   345 ||  2269
         Gold dragon scale |       |       |       |       |       |       |       |       |   531 ||   531
  Dodge: Dodged            |    84 |    44 |   136 |   223 |   484 |   491 |   550 |   547 |   424 ||  2983
         Repelled          |       |       |       |       |    13 |    49 |    28 |    10 |    18 ||   118
  Block: Other             |       |    19 |    33 |   217 |   533 |   648 |   684 |   583 |   565 ||  3282
         Reflection        |       |       |     9 |    25 |    40 |   124 |    67 |     5 |    12 ||   282

Table legend: (Time is in decaauts)
 A = Elapsed time spent in this place.
 B = Non-inter-level travel time spent in this place.
 C = Inter-level travel time spent in this place.
 D = Time resting spent in this place.
 E = Time spent auto-exploring this place.
 F = Levels seen in this place.
 G = Mean time per level.
                   A        B        C        D        E       F      G
               +--------+--------+--------+--------+--------+-----+--------+
         Total |  64312 |  60947 |   3365 |  14096 |  33458 |  60 | 1071.9 |
       Dungeon |  16253 |  14973 |   1280 |   2894 |   9306 |  15 | 1083.5 |
        Temple |     14 |      7 |      7 |      0 |      0 |   1 |   14.0 |
          Lair |   5581 |   5163 |    418 |    851 |   3539 |   5 | 1116.2 |
        Shoals |   4624 |   4482 |    142 |    912 |   2793 |   4 | 1156.0 |
     Snake Pit |   6493 |   6289 |    204 |   2072 |   3084 |   4 | 1623.2 |
    Slime Pits |   4427 |   4214 |    213 |   2381 |   1161 |   5 |  885.4 |
  Orcish Mines |   2697 |   2498 |    199 |    975 |   1101 |   2 | 1348.5 |
   Elven Halls |   4045 |   3883 |    162 |   1061 |   1878 |   3 | 1348.3 |
        Vaults |   5294 |   4894 |    400 |    178 |   3870 |   4 | 1323.5 |
         Crypt |   3201 |   3080 |    121 |    336 |   1781 |   3 | 1067.0 |
        Depths |   5023 |   4936 |     87 |    888 |   2146 |   4 | 1255.8 |
           Zot |   5259 |   5130 |    129 |   1014 |   2651 |   5 | 1051.8 |
        Bazaar |    277 |    277 |      0 |      0 |      0 |   3 |   92.3 |
        Wizlab |    352 |    352 |      0 |     76 |    146 |   1 |  352.0 |
      Gauntlet |    765 |    765 |      0 |    457 |      0 |   1 |  765.0 |
               +--------+--------+--------+--------+--------+-----+--------+

Top non-repeatable levels by time:
     D:7: 1861 daAuts
 Snake:1: 1840 daAuts
 Snake:3: 1819 daAuts
Depths:3: 1815 daAuts
   Orc:1: 1748 daAuts
 Snake:4: 1646 daAuts
     D:5: 1597 daAuts
   Elf:2: 1552 daAuts
 Crypt:3: 1535 daAuts
Vaults:2: 1502 daAuts
  Lair:3: 1469 daAuts
     D:9: 1434 daAuts
Shoals:4: 1411 daAuts
 Slime:4: 1387 daAuts
Vaults:4: 1320 daAuts
